Map: Taito Citadel LE

Players

Panoptichron

  • Race: Zerg Zerg
  • League: Diamond
  • Spawn Location: 11:00

A.I. 1 (Very Easy) - Winner!

  • Race: Zerg Zerg
  • Spawn Location: 5:00

VOD

https://www.patreon.com/c/zergsgroundzero/posts

Description

Time

  • Played on: Feb. 6, 2026, 9:55 a.m.
  • Length: 7:41
Show
View Real Time Build Order
Export as new Build Order

Panoptichron Zerg 

Build Orders: Hatch First 

Get SALT Encoding   

  12  0:00  Drone  
  13  0:08  Drone  
  14  0:14  Extractor  
  14  0:15  Drone  
  15  0:22  Overlord  
  15  0:41  Drone  
  16  0:47  Hatchery  
  15  0:50  Drone  
  15  0:55  Drone  
  17  0:57  Drone  
  18  1:09  Extractor  
  17  1:12  Spawning Pool  
  17  1:16  Drone  
  17  1:19  Drone  
  18  1:26  Drone  
  19  1:37  Drone  
  20  1:47  Drone  
  21  1:59  Queen x2  
  21  2:00  Overlord  
  25  2:02  Zergling x2  
  26  2:09  Drone  
  26  2:11  Drone  
  26  2:12  Metabolic Boost  
  28  2:20  Drone  
  28  2:21  Drone  
  30  2:30  Drone  
  30  2:31  Drone  
  32  2:38  Hatchery  
  32  2:41  Drone  
  32  2:47  Baneling Nest  
  32  2:48  Drone  
  32  2:52  Overlord  
  32  3:00  Drone  
  32  3:04  Drone x2  
  35  3:07  Drone  
  35  3:11  Drone x3  
  39  3:15  Zergling x6  
  42  3:21  Queen  
  42  3:25  Overlord  
  44  3:31  Baneling x2  
  44  3:33  Roach Warren  
  43  3:42  Drone  
  44  3:50  Drone x2  
  44  3:51  Drone x6  
  52  3:57  Drone x2  
  52  4:01  Drone  
  52  4:02  Drone  
  56  4:03  Drone  
  57  4:13  Overlord x2  
  57  4:15  Overlord  
  57  4:16  Drone  
  58  4:26  Lair  
  59  4:31  Drone x4  
  59  4:32  Drone x2  
  59  4:33  Evolution Chamber  
  59  4:36  Drone x3  
  66  4:41  Drone x3  
  69  4:49  Extractor, Drone x4  
  69  4:50  Drone x3, Extractor  
  74  4:59  Zerg Missile Weapons Level 1, Extractor, Overlord  
  73  5:02  Extractor  
  73  5:04  Overlord  
  73  5:05  Drone  
  73  5:12  Extractor  
  72  5:16  Overlord  
  72  5:17  Drone x4  
  76  5:21  Overlord  
  76  5:22  Overlord x2  
  76  5:27  Roach x4  
  84  5:31  Overlord  
  84  5:37  Roach x2  
  84  5:41  Drone  
  84  5:42  Roach x2  
  93  5:47  Hatchery  
  93  5:48  Roach, Glial Reconstitution  
  94  5:53  Roach  
  94  5:54  Overlord x2  
  94  5:56  Roach x5  
  106  6:04  Roach x3  
  112  6:13  Roach  
  112  6:16  Roach x2  
  118  6:20  Roach x3  
  118  6:23  Evolution Chamber  
  123  6:27  Roach x6  
  123  6:32  Roach  
  134  6:33  Roach  
  134  6:36  Roach x3  
  140  6:40  Roach x2  
  140  6:46  Roach  
  146  6:48  Overlord x3  
  146  6:49  Ravager x4  
  150  6:54  Roach x3  
  150  6:56  Overlord x3  
  154  7:03  Roach x3  
  160  7:09  Roach x3  
  160  7:11  Overlord  
  160  7:13  Overlord x2  
  166  7:16  Ravager  
  166  7:17  Ravager  
  166  7:19  Roach x3  
Show
View Real Time Build Order
Export as new Build Order

A.I. 1 (Very Easy) Zerg - Winner!

Build Orders: Pool First 

Get SALT Encoding   

  12  0:00  Drone  
  13  0:12  Overlord  
  13  0:16  Drone  
  14  0:34  Spawning Pool  
  13  0:36  Drone  
  13  0:41  Extractor  
  13  0:44  Drone  
  14  0:51  Overlord  
  14  1:21  Zergling x2  
  14  1:24  Queen  
  17  1:32  Roach Warren  
  16  1:35  Drone  
  16  1:39  Extractor  
  16  1:40  Zergling x2  
  16  1:43  Drone  
  18  1:56  Drone  
  18  2:00  Zergling x2  
  20  2:07  Drone  
  21  2:18  Drone  
  22  2:29  Drone  
  23  2:30  Overlord  
  23  2:36  Drone  
  24  2:43  Drone  
  25  4:29  Zergling x2  
  25  5:53  Roach, Drone, Lair  
  25  5:54  Overlord  
  28  6:00  Drone  
  29  6:08  Drone  
  30  6:15  Drone  
  31  6:23  Drone  
  30  6:36  Roach  
  31  6:51  Overseer  
  31  6:52  Overseer  
  31  7:14  Hatchery  
  30  7:19  Roach  
Tags
 
Add a new tag
Caveats
  • Supply blocks, unpowered buildings, or Contaminate may cause inaccurate times.
  • Supply counts are checked every 10 seconds.